 Dungeon Crawl Stone Soup version 0.25-a0-1007-g10a8c3caa8 (webtiles) character file.

Game seed: 13715796028300881281, levelgen mode: deterministic

2320 Flugslaktarn the Cleaver (level 9, -14/79 HPs)
             Began as a Minotaur Fighter on May 11, 2020.
             Was an Initiate of Gozag.
             Demolished by Harold
             ... wielding a +1 trident of protection
              (19 damage)
             ... on level 7 of the Dungeon.
             The game lasted 00:03:18 (6230 turns).

Flugslaktarn the Cleaver (Minotaur Fighter)         Turns: 6230, Time: 00:03:19

Health: -14/79     AC: 11    Str: 21    XL:     9   Next: 18%
Magic:  8/8        EV:  6    Int:  5    God:    Gozag
Gold:   340        SH: 11    Dex: 13    Spells: 8/8 levels left

rFire    . . .     SeeInvis .   j - +2 hand axe (drain)
rCold    . . .     Gourm    .   c - +0 kite shield
rNeg     . . .     Faith    .   b - +0 scale mail
rPois    .         Spirit   .   (helmet restricted)
rElec    .         Reflect  .   s - +2 cloak
rCorr    +         Harm     .   (no gloves)
MR       .....                  (no boots)
Stlth    ..........             n - amulet of inaccuracy (curse)
HPRegen  0.23/turn              k - ring of resist corrosion (curse)
MPRegen  0.11/turn              v - -2 ring of evasion (curse)

@: mighty, lethally poisoned (-14 -> -46)
A: retaliatory headbutt, horns 2
a: Potion Petition, Call Merchant, Bribe Branch, Renounce Religion


You were on level 7 of the Dungeon.
You worshipped Gozag.
Gozag was aware of your devotion.
You were not hungry.

You visited 2 branches of the dungeon, and saw 8 of its levels.

You collected 387 gold pieces.
You paid 47 gold pieces to Gozag.

Inventory:

Hand Weapons
 a - a +0 war axe
 j - a +2 hand axe of draining (weapon)
   (You took it off an orc on level 4 of the Dungeon)
Armour
 b - a +0 scale mail (worn)
 c - a +0 kite shield (worn)
 s - a +2 cloak (worn)
   (You took it off Crazy Yiuf on level 3 of the Dungeon)
Jewellery
 f - an uncursed amulet of harm
   (You found it on level 1 of the Dungeon)
 i - an uncursed ring of ice
   (You found it on level 1 of the Dungeon)
 k - a cursed ring of resist corrosion (left hand)
   (You found it on level 4 of the Dungeon)
 n - a cursed amulet of inaccuracy (around neck)
   (You found it on level 3 of the Dungeon)
 p - a +3 ring of protection
   (You found it on level 4 of the Dungeon)
 v - a cursed -2 ring of evasion (right hand)
   (You found it on level 5 of the Dungeon)
Wands
 x - a wand of digging (7)
   (You took it off a crimson imp on level 5 of the Dungeon)
Potions
 d - a potion of might
 g - a potion of flight
 h - a potion of brilliance {unknown}
 l - a potion of stabbing {unknown}
 o - a potion of invisibility {unknown}
 q - a potion of curing
Comestibles
 e - 8 rations


   Skills:
 + Level 7.5 Fighting
 * Level 9.6 Axes
 + Level 7.5 Armour
 + Level 7.5 Shields


You had 8 spell levels left.
You didn't know any spells.
Your spell library was empty.

Dungeon Overview and Level Annotations

Branches:
Dungeon (7/15)             Temple (1/1) D:5

Altars:
Cheibriados
Dithmenos
Elyvilon
Fedhas
Gozag
Hepliaklqana
Kikubaaqudgha
Nemelex Xobeh
Qazlal
Ru
Trog
Vehumet
Wu Jian
Xom
Yredelemnul
The Shining One

Shops:
D:4 [

Annotations:
D:3 1 runed translucent door, Ezendos's ghost, amateur DEFE
D:5 2 transporters, buskinjo's ghost, amateur MiFi
D:6 3 runed translucent doors, Hasart's ghost, novice DEWz
D:7 Harold


Innate Abilities, Weirdness & Mutations

You reflexively headbutt those who attack you in melee.
You have a pair of horns on your head.


Message History

Unknown command.
Unknown command.
You feel very mighty all of a sudden.
You are engulfed in poison gas.
You are more poisoned.
* * * LOW HITPOINT WARNING * * *
x2 You feel sick.
You are engulfed in poison gas.
You are lethally poisoned!
* * * LOW HITPOINT WARNING * * *
x2 You feel very sick.
Harold is engulfed in poison gas.
Harold looks even sicker.
Harold casts a spell at you.
You barely resist.
* * * LOW HITPOINT WARNING * * *
You feel very sick.
Harold is engulfed in poison gas.
Harold looks as sick as possible!
Harold hits you from afar with a +1 trident of protection!!
You die...
Your body crumbles into a pile of gold.

#.............<..#
#................#
#................#
#................#
#................#
#######................#
.........>............#
###.# #@.§§..........#
......#§§§§.(...####...#
#...@§§§§....<..)##...
......##§§§.##..##[.....
....####.##.##.####.....
##.####..##..#..........
#.......## #.....)......
..####...# #..#.........
.........###..#.........


You could see Harold (extremely poisoned).

Vanquished Creatures
  Pikel (D:6)
  Menkaure (D:7)
  A water moccasin (D:5)
  Duvessa (D:3)
  A black bear (D:3)
  A phantom (D:4)
  An ogre (D:7)
  3 centaurs (D:5)
  Dowan (D:3)
  A crimson imp (D:5)
  A centaur zombie (D:5)
  5 hounds
  A quasit (D:5)
  A centaur skeleton (D:4)
  Crazy Yiuf (D:3)
  2 bullfrog skeletons
  2 orc priests
  2 iguanas
  5 orc wizards
  7 worker ants
  2 hound skeletons
  6 adders
  3 shadow imps
  2 oozes
  An adder skeleton (D:7)
  2 worms
  5 leopard geckos
  19 orcs
  2 ball pythons
  3 giant cockroaches
  8 goblins
  10 hobgoblins
  6 jackals
  6 kobolds
  4 bats
  5 frilled lizards
  A leopard gecko skeleton (D:4)
  4 rats
128 creatures vanquished.

Vanquished Creatures (others)
  A crimson imp (D:6)
  A leopard gecko skeleton (D:6)
2 creatures vanquished.

Grand Total: 130 creatures vanquished

Notes
Turn   | Place    | Note
-------+----------+-------------------------------------------
     0 | D:1      | Flugslaktarn the Minotaur Fighter began the quest for the
                  | Orb.
     0 | D:1      | Reached XP level 1. HP: 19/19 MP: 0/0
   305 | D:1      | Reached XP level 2. HP: 26/27 MP: 1/1
   384 | D:2      | Reached skill level 3 in Axes
   614 | D:2      | Reached XP level 3. HP: 28/33 MP: 2/2
  1076 | D:2      | Found a radiant altar of Vehumet.
  1245 | D:2      | Reached XP level 4. HP: 40/40 MP: 3/3
  1471 | D:2      | Reached skill level 4 in Axes
  1763 | D:2      | Found a faded altar of an unknown god.
  1811 | D:3      | Noticed a black bear
  1819 | D:3      | Killed a black bear
  1819 | D:3      | Reached XP level 5. HP: 21/47 MP: 4/4
  2167 | D:3      | Found a runed translucent door.
  2168 | D:3      | Noticed Crazy Yiuf
  2252 | D:3      | Killed Crazy Yiuf
  2252 | D:3      | Reached skill level 5 in Axes
  2709 | D:3      | Found a runed translucent door.
  2709 | D:3      | Noticed Ezendos's ghost (amateur DEFE)
  2815 | D:4      | Noticed Duvessa
  2816 | D:4      | Noticed Dowan
  2824 | D:4      | Reached XP level 6. HP: 49/55 MP: 5/5
  2831 | D:3      | Killed Duvessa
  2831 | D:3      | Reached skill level 5 in Fighting
  2831 | D:3      | Reached skill level 5 in Armour
  2831 | D:3      | Reached skill level 5 in Shields
  2834 | D:3      | Killed Dowan
  2844 | D:4      | Reached skill level 6 in Axes
  3070 | D:4      | Reached XP level 7. HP: 61/61 MP: 6/6
  3230 | D:4      | Found Gykhlar's Antique Armour Shoppe.
  3461 | D:5      | Entered Level 5 of the Dungeon
  3615 | D:5      | Found a transporter.
  3616 | D:5      | Noticed buskinjo's ghost (amateur MiFi)
  3656 | D:5      | Reached skill level 7 in Axes
  3669 | D:5      | Reached XP level 8. HP: 9/70 MP: 7/7
  4135 | D:5      | Reached skill level 8 in Axes
  4191 | D:5      | Found a staircase to the Ecumenical Temple.
  4200 | Temple   | Entered the Ecumenical Temple
  4341 | Temple   | Became a worshipper of Gozag Ym Sagoz the Greedy
  4372 | D:5      | Found a snail-covered altar of Cheibriados.
  4542 | D:5      | Found a basalt altar of Yredelemnul.
  4591 | D:5      | Found a transporter.
  4898 | D:6      | Found a white marble altar of Elyvilon.
  4916 | D:6      | Noticed Pikel
  4937 | D:6      | Killed Pikel
  4937 | D:6      | Reached skill level 9 in Axes
  5174 | D:6      | Reached XP level 9. HP: 79/79 MP: 8/8
  5178 | D:6      | Noticed Hasart's ghost (novice DEWz)
  5225 | D:6      | Found a runed translucent gate.
  5225 | D:6      | Found a runed translucent gate.
  5225 | D:6      | Found a runed translucent gate.
  5545 | D:6      | Found a shimmering altar of Xom.
  6016 | D:7      | Noticed Menkaure
  6042 | D:7      | Killed Menkaure
  6217 | D:7      | Noticed Harold
  6230 | D:7      | Demolished by Harold

Illustrated notes

Levels and vault maps discovered:
D:1:      dpeg_arrival_stone_temple_mockup, layout_basic, cheibriados_altar_1
D:2:      layout_basic, lemuel_round_altar, chequers_ecumenical_altar_lobes,
          corner_web_ring, minmay_quadrilaterals
D:3:      layout_basic, ebering_ghost_inner_flame, uniq_crazy_yiuf_cottage
D:4:      layout_cave_pools, serial_shops, shop, first_ration, uniq_duvessa
D:5:      layout_loops_ring, kennysheep_mini, yredelemnul_altar_generic,
          minmay_temple_entry_poolview, gammafunk_ghost_mausoleum
D:6:      layout_basic, overflow_temple_1_default, elyvilon_altar_5,
          gammafunk_ghost_icy, uniq_pikel
D:7:      layout_rooms, enter_bailey_3, grunt_livestock,
          kennysheep_pointless_box, doesnt_xom_only_xom, uniq_menkaure,
          uniq_joseph, uniq_harold
Temple:   eino_temple_rhombus

Skill      XL: |  1  2  3  4  5  6  7  8 |
---------------+-------------------------+-----
Axes           | 3 4 5 6 7 9 |  9.6
Fighting       | 4 5 6 7 |  7.5
Armour         | 4 5 6 7 |  7.5
Shields        | 4 5 6 7 |  7.5

Action                   |  1- 3 |  4- 6 |  7- 9 || total
-------------------------+-------+-------+-------++-------
Melee: War axe           |    83 |   116 |       ||   199
       Headbutt          |     8 |    15 |    35 ||    58
       Hand axe          |       |       |   217 ||   217
  Use: Potion            |       |       |     3 ||     3
       Scroll            |       |       |     8 ||     8
  Eat: Chunk             |     1 |     6 |     4 ||    11
       Ration            |       |       |     2 ||     2
Armor: Scale mail        |    37 |    65 |    91 ||   193
Dodge: Dodged            |    40 |    40 |    60 ||   140
Block: Kite shield       |    59 |    77 |   133 ||   269

Table legend:
 A = Non-vault XP
 B = Vault XP
 C = Vault XP percentage of total XP
 D = Non-vault monster count
 E = Vault monster count
 F = Vault count percentage of total count
                 A         B        C        D         E       F
            +---------+---------+-------+---------+---------+-------
      Total |    2231 |    1084 |  32.7 |     118 |      10 |   7.8
            +---------+---------+-------+---------+---------+-------
        D:1 |      13 |       0 |   0.0 |       7 |       0 |   0.0
        D:2 |      95 |      32 |  25.2 |      29 |       5 |  14.7
        D:3 |     169 |     273 |  61.8 |      20 |       3 |  13.0
        D:4 |     339 |       0 |   0.0 |      14 |       0 |   0.0
        D:5 |    1154 |       0 |   0.0 |      28 |       0 |   0.0
        D:6 |     240 |     607 |  71.7 |      12 |       1 |   7.7
        D:7 |     221 |     172 |  43.8 |       8 |       1 |  11.1
            +---------+---------+-------+---------+---------+-------
